 Dungeon Crawl Stone Soup version 0.27.1-34-g3ba077fa99 (webtiles) character file.

Game seed: 5488584352749799067

581 Sharkman1231 the Cudgeller (level 7, -9/55 HPs)
             Began as a Demonspawn Chaos Knight on Jan 18, 2022.
             Was a Plaything of Xom.
             Mangled by a moth of wrath (16 damage)
             ... on level 4 of the Dungeon.
             The game lasted 00:04:37 (4829 turns).

Sharkman1231 the Cudgeller (DsCK)                   Turns: 4829, Time: 00:04:38

Health: -9/55      AC: 10    Str: 12    XL:     7   Next: 14%
Magic:  7/7        EV: 13    Int: 15    God:    Xom [.*....]
Gold:   73         SH:  0    Dex: 15    Spells: 6/6 levels left

rFire    . . .     SeeInvis +   a - +0 whip (venom)
rCold    . . .     Faith    .   (no shield)
rNeg     . . .     Spirit   .   b - +2 leather armour
rPois    .         Reflect  .   l - +0 helmet
rElec    .         Harm     .   (no cloak)
rCorr    .         Rampage  .   (no gloves)
Will     .....                  (no boots)
Stlth    +.........             (no amulet)
HPRegen  0.18/turn              j - ring of see invisible
MPRegen  0.10/turn              q - +4 ring of protection

@: hasted, very quick
A: hooves 2, sturdy frame 1, demonic magic 1, clever 1, screaming 1
a: Renounce Religion


You were on level 4 of the Dungeon.
You worshipped Xom.
You were a plaything of Xom.
You visited 1 branch of the dungeon, and saw 6 of its levels.

You collected 255 gold pieces.
You spent 182 gold pieces at shops.

Inventory:

Hand Weapons
 a - a +0 whip of venom (weapon)
 c - a +0 mace of chaos
 d - a +0 trident
 m - a +2 dagger of venom
Armour
 b - a +2 leather armour (worn)
 l - a +0 helmet (worn)
Jewellery
 j - a ring of see invisible (left hand)
 q - a +4 ring of protection (right hand)
Wands
 r - a wand of polymorph (9)
 s - a wand of flame (11)
Scrolls
 e - a scroll of teleportation {unknown}
 f - a scroll of blinking {unknown}
 o - a scroll of enchant weapon {unknown}
 p - 2 scrolls of summoning {unknown}
 u - a scroll of enchant armour {unknown}
 v - a scroll of identify {unknown}
Potions
 i - 3 potions of flight
 k - a potion of magic
 t - a potion of degeneration {unknown}
 z - a potion of mutation {unknown}
 A - a potion of ambrosia


   Skills:
 + Level 4.4 Fighting
 * Level 5.1 Maces & Flails
 - Level 0.2 Polearms
 + Level 3.5 Armour
 + Level 3.0 Dodging


You had 6 spell levels left.
You didn't know any spells.
Your spell library contained the following spells:

 Spells                   Type           Power      Damage    Failure   Level
 Magic Dart               Conj           0%         1d3       28%         1
 Call Imp                 Summ           0%         N/A       38%         2
 Mephitic Cloud           Conj/Pois/Air  0%         N/A       63%         3


Dungeon Overview and Level Annotations

Branches:
Dungeon (6/15)             Temple (0/1) D:5

Altars:
Wu Jian
Zin

Shops:
D:4 !


Innate Abilities, Weirdness & Mutations

You have hoof-like feet.
Your movements are slightly less encumbered by armour. (ER -2)
Spells you cast may paralyse adjacent enemies.
Your mind is acute. (Int +2)
You occasionally shout uncontrollably at your foes.


Message History

The two-headed ogre barely misses you.
The two-headed ogre hits you with a +0 giant club!!
* * * LOW HITPOINT WARNING * * *
You climb upwards. "This might be better!"
The two-headed ogre evaporates and reforms as a moth of wrath!
There is a stone staircase leading down here.
You feel better. The moth of wrath barely misses you.
Throw: throwing net
Press: ? - help, Q - select action, (/) - cycle Shift-Dir - straight line, f - moth of wrath
Aim: a moth of wrath (60% to hit)
You throw a throwing net.
The throwing net closely misses the moth of wrath.
The moth of wrath bites you!
* * * LOW HITPOINT WARNING * * *
It was a potion of resistance.
You feel protected.
Xom roars with laughter!
The moth of wrath barely misses you. The moth of wrath misses you.
You feel very buoyant.
You fly up into the air.
The moth of wrath barely misses you.
It was a potion of brilliance.
You feel clever all of a sudden.
The moth of wrath bites you but does no damage.
It was a potion of cancellation.
Your magical effects are unravelling.
You feel magically purged.
You float gracefully downwards.
You feel a little less clever now.
Your resistance to elements expires.
The moth of wrath bites you!
* * * LOW HITPOINT WARNING * * *
It was a potion of haste.
You feel yourself speed up. "This might be better!"
You swap places with the moth of wrath.
The moth of wrath bites you.
* * * LOW HITPOINT WARNING * * *
You are too injured to fight recklessly!
You feel better. The moth of wrath misses you.
It was a potion of magic.
Magic courses through your body. The moth of wrath bites you!
You die...
Xom chuckles heartily!

..####.#.####
..#....#..##
.......#..[#
.........#.# #####
)........#.## #...#
.........#..###...#
...............>)(#
.#.....#.###.#....#
##..##.#.##....y@.#
###.##....#...#...#
.##.###...#.#.#...#
.....##.....#..####
####.....#####..#
..........#####.#
.............##.######
......##.........#...##
....).###.#...........##


You could see a moth of wrath.

Vanquished Creatures
  A sky beast (D:5)
  A black bear (D:4)
  A phantom (D:3)
  A howler monkey (D:5)
  A centaur zombie (D:5)
  A hound (D:5)
  A jelly (D:4)
  A killer bee zombie (D:5)
  Robin (D:2)
  A gnoll (D:2)
  4 adders
  A white imp (D:4)
  3 dart slugs
  5 orcs
  7 endoplasms
  2 giant cockroaches
  16 goblins
  13 hobgoblins
  7 jackals
  8 kobolds
  4 quokkas
  6 ball pythons
  5 bats
  3 frilled lizards
  4 rats
98 creatures vanquished.

Vanquished Creatures (collateral kills)
  2 gnolls (D:2)
2 creatures vanquished.

Grand Total: 100 creatures vanquished

Notes
Turn   | Place    | Note
-------+----------+-------------------------------------------
     0 | D:1      | Sharkman1231 the Demonspawn Chaos Knight began the quest
                  | for the Orb.
     0 | D:1      | Reached XP level 1. HP: 18/18 MP: 1/1
    26 | D:1      | Reached skill level 1 in Dodging
   180 | D:1      | Gained mutation: You have large cloven feet. [demonic
                  | ancestry]
   180 | D:1      | Reached XP level 2. HP: 17/24 MP: 2/2
   304 | D:1      | Reached skill level 3 in Maces & Flails
   474 | D:1      | Found a faded altar of an unknown god.
   564 | D:1      | XOM: 6-stop teleportation journey
   604 | D:1      | Reached XP level 3. HP: 29/29 MP: 3/3
   895 | D:1      | XOM: give mutation
   895 | D:1      | Gained mutation: You occasionally shout uncontrollably at
                  | your foes. [Xom's mischief]
   926 | D:2      | Noticed Robin
  1198 | D:2      | XOM: cast spell 'Discord'
  1437 | D:2      | XOM: confusion (+ monsters)
  1439 | D:2      | XOM: noise
  1463 | D:2      | Killed Robin
  1464 | D:2      | Gained mutation: You have hoof-like feet. [demonic
                  | ancestry]
  1464 | D:2      | Reached XP level 4. HP: 33/35 MP: 4/4
  1741 | D:2      | XOM: polymorph jackal -> bat
  1858 | D:2      | XOM: smoke on damage
  1916 | D:2      | XOM: summons 3 hostile shadow creatures
  1988 | D:1      | XOM: give mutation
  1988 | D:1      | Gained mutation: Your mind is acute. (Int +2) [Xom's grace]
  2217 | D:2      | Gained mutation: Your movements are slightly less
                  | encumbered by armour. (ER -2) [demonic ancestry]
  2217 | D:2      | Reached XP level 5. HP: 40/42 MP: 5/5
  2257 | D:2      | XOM: noise
  2476 | D:3      | Found an ornate altar of the Wu Jian Council.
  2575 | D:3      | XOM: god gift: 31 gold pieces
  2601 | D:3      | XOM: noise
  3167 | D:4      | Noticed a phantom
  3186 | D:3      | XOM: noise
  3187 | D:3      | XOM: cast spell 'Statue Form'
  3198 | D:3      | Killed a phantom
  3199 | D:3      | Reached skill level 4 in Maces & Flails
  3527 | D:4      | XOM: silly message
  3553 | D:4      | Noticed a black bear
  3559 | D:4      | Killed a black bear
  3560 | D:4      | Gained mutation: Spells you cast may paralyse adjacent
                  | enemies. [demonic ancestry]
  3560 | D:4      | Reached XP level 6. HP: 41/48 MP: 6/6
  3656 | D:4      | Identified the +1 helmet of Sif Muna's Supremacy {Harm
                  | Rampage Str-5 Dex-2}
  3721 | D:4      | Found Paown's Distillery.
  3725 | D:4      | You fall into a shaft and drop 2 floors!
  3781 | D:5      | Entered Level 5 of the Dungeon
  3832 | D:5      | Noticed a sky beast
  3833 | D:5      | XOM: potion effect (invisibility)
  3842 | D:5      | Killed a sky beast
  3879 | D:5      | Found a staircase to the Ecumenical Temple.
  3881 | D:5      | XOM: divination: magic mapping
  3963 | D:4      | Bought a potion of curing for 39 gold pieces
  3963 | D:4      | Bought a potion of ambrosia for 104 gold pieces
  3963 | D:4      | Bought a potion of flight for 39 gold pieces
  4285 | D:5      | XOM: enchant monster (bad)
  4297 | D:5      | Reached skill level 5 in Maces & Flails
  4301 | D:5      | Reached XP level 7. HP: 55/55 MP: 7/7
  4596 | D:5      | Noticed a two-headed ogre
  4598 | D:5      | XOM: butterfly on damage
  4604 | D:5      | XOM: summons friendly white imp
  4816 | D:4      | Noticed a moth of wrath
  4816 | D:4      | a two-headed ogre changed into a moth of wrath
  4816 | D:4      | XOM: polymorph two-headed ogre -> moth of wrath
  4825 | D:4      | XOM: swap monsters
  4825 | D:4      | HP: 2/55 [moth of wrath (5)]
  4829 | D:4      | Mangled by a moth of wrath

Illustrated notes

Levels and vault maps discovered:
D:1:      minmay_arrival_stone_box, layout_basic,
          dreamdust_ecumenical_altar_grove, nrook_mini_vaults,
          minmay_misc_feat_cross, chequers_serial_rivers_small_b, minivault_26
D:2:      layout_basic, minmay_misc_feat_hallway, uniq_robin
D:3:      layout_basic, nzn_wu_jian_contemplation, lemuel_crystal_altar,
          chequers_serial_rivers_micro_d, chequers_serial_rivers_room_b
D:4:      layout_rooms, serial_shops, shop
D:5:      layout_basic, minmay_temple_entry_wispy, minmay_small_thing
D:6:      layout_gridville

Skill      XL: |  1  2  3  4  5  6  7 |
---------------+----------------------+-----
Dodging        | 1 2 3 |  3.0
Armour         | 2 3 |  3.5
Maces & Flails | 3 4 5 |  5.1
Fighting       | 4 |  4.4
Polearms       | |  0.2

Action                   |  1- 3 |  4- 6 |  7- 9 || total
-------------------------+-------+-------+-------++-------
Melee: Whip              |    91 |   144 |    16 ||   251
       Trident           |     5 |     5 |       ||    10
       Kick              |    23 |    48 |     7 ||    78
       Unarmed           |       |     6 |       ||     6
Throw: Throwing net      |       |       |     1 ||     1
  Use: Potion            |       |       |     8 ||     8
 Stab: Confused          |     3 |       |       ||     3
       Sleeping          |     1 |     1 |       ||     2
       Invisible         |       |     2 |       ||     2
Armor: Leather armour    |    24 |    48 |     8 ||    80
       Skin              |       |     5 |       ||     5
Dodge: Dodged            |    59 |    84 |    20 ||   163
